 Dungeon Sprint DCSS version 0.21.2 (webtiles) character file.

642 Fang the Cleaver (level 7, -12/53 HPs)
             Began as a Gargoyle Berserker on Sept 27, 2018.
             Was a High Priest of Trog.
             Killed by divine providence
             ... invoked by a meliai
              (14 damage)
             ... in the Dungeon (Sprint IX: "|||||||||||||||||||||||||||||").
             The game lasted 00:00:59 (500 turns).

Fang the Cleaver (Gargoyle Berserker)                Turns: 500, Time: 00:00:59

Health: -12/53     AC: 18    Str: 22    XL:     7   Next: 51%
Magic:  7/7        EV:  8    Int:  8    God:    Trog [*****.]
Gold:   0          SH:  0    Dex: 12    Spells: 6/6 levels left

rFire    . . .     SeeInvis .   m - +3 war axe (chop)
rCold    . . .     Gourm    .   (no shield)
rNeg     + . .     Faith    .   p - +0 plate armour
rPois    ∞         Spirit   .   (no helmet)
rElec    +         Reflect  .   (no cloak)
rCorr    .         Harm     .   (no gloves)
MR       .....     NoTele   +   (no boots)
Stlth    ..........             (no amulet)
HPRegen  0.17/turn              n - +2 ring of protection
MPRegen  0.10/turn              o - +3 ring of dexterity

@: berserk cooldown, slowed, very slow
A: negative energy resistance 1, electricity resistance, unbreathing,
petrification resistance, rot immunity, AC +4
a: Berserk, Trog's Hand, Brothers in Arms, Burn Spellbooks, Renounce Religion


You were in the Dungeon.
You worshipped Trog.
Trog was extremely pleased with you.
You were very hungry.

You visited 1 branch

Inventory:

Hand Weapons
 a - a +0 hand axe
 m - a +3 war axe of chopping (weapon)
Armour
 p - a +0 plate armour (worn)
Jewellery
 n - a +2 ring of protection (left hand)
 o - a +3 ring of dexterity (right hand)
Wands
 l - a wand of acid (10)
Scrolls
 i - 2 scrolls of blinking
 k - 3 scrolls of remove curse
Potions
 d - 5 potions of curing
 e - 3 potions of heal wounds
 f - a potion of haste
 g - 4 potions of magic
 h - a potion of berserk rage
 j - a potion of invisibility
Comestibles
 b - 6 chunks of flesh
 c - a ration


   Skills:
 + Level 10.3 Fighting
 + Level 10.6 Axes
 + Level 4.6 Armour
 + Level 4.7 Dodging


You had 6 spell levels left.
You didn't know any spells.

Dungeon Overview and Level Annotations

Branches:
Dungeon (1/1)

Altars:
Cheibriados
Dithmenos
Elyvilon
Fedhas
Gozag
Hepliaklqana
Kikubaaqudgha
Makhleb
Nemelex Xobeh
Okawaru
Qazlal
Ru
Sif Muna
Trog
Uskayaw
Vehumet
Wu Jian
Xom
Yredelemnul
Zin
The Shining One
Beogh
Jiyva
Lugonu


Innate Abilities, Weirdness & Mutations

You are resistant to torment.
Your stone body is resilient. (AC +4)
You are immune to poison.
You resist negative energy. (rN+)
You are resistant to electric shocks. (rElec)
You can survive without breathing.
You are immune to petrification.
You are immune to rotting.


Message History

You barely miss the kobold demonologist.
The kobold demonologist is almost dead.
You slash the crimson imp!
You kill the crimson imp!
You are no longer berserk.
You are exhausted.
You feel yourself slow down.
The kobold demonologist hits you but does no damage.
You hit the kobold demonologist but do no damage.
The kobold demonologist is almost dead.
The meliai invokes the aid of its god against you.
Something smites you!
* * * LOW HITPOINT WARNING * * *
The kobold demonologist miscasts a cantrip.
Unknown command.
You completely miss the kobold demonologist.
The kobold demonologist is almost dead.
The meliai mumbles some strange prayers to its god against you.
Something smites you!
You die... ▓▓▓▓▓▓▓▓▓▓▓▓▓▓▓▓▓▓▓▓▓▓▓▓ .?|)[[[..)).....@KySca.+ ▓▓▓▓▓▓▓▓▓▓▓▓▓▓▓▓▓▓▓▓▓▓▓▓

You could see a centaur warrior, a kobold demonologist, a water moccasin, a meliai and a worker ant.

Vanquished Creatures
  2 ice beasts (D)
  3 ogres (D)
  A centaur (D)
  A crimson imp (D)
  A hound (D)
  An orc wizard (D)
  A worker ant (D)
  An orc (D)
  A bat (D)
  2 giant cockroaches (D)
  A goblin (D)
  A jackal (D)
  A rat (D)
17 creatures vanquished.

Notes
Turn   | Place    | Note
-------+----------+-------------------------------------------
     0 | D        | Fang the Gargoyle Berserker began the quest for the Orb.
     0 | D        | Reached XP level 1. HP: 14/14 MP: 1/1
    11 | D        | Reached ** piety under Trog
    62 | D        | Noticed a centaur
    62 | D        | Noticed a crimson imp
    62 | D        | Noticed a worker ant
    62 | D        | Noticed a hound
    67 | D        | Killed a centaur
    67 | D        | Reached skill level 5 in Axes
    67 | D        | Reached XP level 2. HP: 6/22 MP: 2/2
    67 | D        | Reached XP level 3. HP: 8/27 MP: 3/3
    67 | D        | Reached XP level 4. HP: 9/32 MP: 4/4
    68 | D        | Reached *** piety under Trog
    68 | D        | Reached XP level 5. HP: 11/37 MP: 5/5
   302 | D        | Found a roughly hewn altar of Beogh.
   302 | D        | Found a snail-covered altar of Cheibriados.
   302 | D        | Found a shadowy altar of Dithmenos.
   302 | D        | Found a white marble altar of Elyvilon.
   302 | D        | Found a blossoming altar of Fedhas.
   302 | D        | Found an opulent altar of Gozag.
   303 | D        | Found a hazy altar of Hepliaklqana.
   304 | D        | Found a viscous altar of Jiyva.
   305 | D        | Found an ancient bone altar of Kikubaaqudgha.
   306 | D        | Found a corrupted altar of Lugonu.
   307 | D        | Found a burning altar of Makhleb.
   308 | D        | Found a sparkling altar of Nemelex Xobeh.
   309 | D        | Found an iron altar of Okawaru.
   310 | D        | Found a stormy altar of Qazlal.
   311 | D        | Found a sacrificial altar of Ru.
   312 | D        | Found a deep blue altar of Sif Muna.
   313 | D        | Found a bloodstained altar of Trog.
   314 | D        | Found a hide-covered altar of Uskayaw.
   315 | D        | Found a radiant altar of Vehumet.
   316 | D        | Found an ornate altar of the Wu Jian Council.
   317 | D        | Found a shimmering altar of Xom.
   318 | D        | Found a basalt altar of Yredelemnul.
   319 | D        | Found a glowing silver altar of Zin.
   320 | D        | Found a glowing golden altar of the Shining One.
   366 | D        | Noticed an ogre
   366 | D        | Noticed an ice beast
   366 | D        | Noticed an ogre
   366 | D        | Noticed an ice beast
   370 | D        | Reached **** piety under Trog
   372 | D        | Killed an ogre
   372 | D        | Reached XP level 6. HP: 45/45 MP: 6/6
   376 | D        | Killed an ice beast
   377 | D        | Reached XP level 7. HP: 52/52 MP: 7/7
   379 | D        | Reached ***** piety under Trog
   386 | D        | Reached skill level 10 in Fighting
   386 | D        | Reached skill level 10 in Axes
   485 | D        | Noticed a kobold demonologist
   485 | D        | Noticed a meliai
   485 | D        | Noticed a centaur warrior
   499 | D        | HP: 2/53 [meliai/divine providence (11)]
   500 | D        | Killed from afar by a meliai

Skill      XL: |  1  2  3  4  5  6  7 |
---------------+----------------------+-----
Axes           | 5 6 8 9 10 | 10.6
Fighting       | 6 8 9 10 | 10.3
Armour         | 3 4 |  4.6
Dodging        | 2 3 4 |  4.7

Action                   |  1- 3 |  4- 6 |  7- 9 || total
-------------------------+-------+-------+-------++-------
Melee: Hand axe          |    21 |     7 |       ||    28
       War axe           |       |    10 |    20 ||    30
Invok: Berserk           |     1 |     1 |     1 ||     3
Armor: Animal skin       |    11 |     1 |       ||    12
       Plate armour      |       |     4 |     4 ||     8
Dodge: Dodged            |    19 |     2 |     4 ||    25
